AoeStats
← Tierra y Libertad

Arabia

504608912Analyzed
1v1 RM · 27d ago on Sep 5, 2026· 54m 2s· 2 players
Game mode
Random Map
Map size
Tiny (2 player)
Population
200
Speed
Normal
Resources
Standard
Victory
Conquest
Starting age
Dark Age
Ending age
Imperial Age
RankedLock teamsTeams togetherTeam positionsShared explorationLock speedFull tech treeHidden civsTurbo modeCheats
Victory
Defeat
🇪🇸 Vietnamese · Spain
759
+16
🇹🇷 Goths · Türkiye
769
-16
VdeRohe
9:58 Feudal Age
13:11 Double-Bit Axe
15:43 Wheelbarrow
16:43 Fletching
27:20 Castle Age
25:40 Forging
25:30 Scale Mail Armor
25:30 Horse Collar
27:44 Crossbowman
28:32 Thumb Ring
28:26 Bodkin Arrow
29:34 Bow Saw
32:31 Heavy Plow
32:34 Pikeman
33:21 Padded Archer Armor
33:28 Gold Mining
33:58 Hand Cart
33:31 Town Watch
37:20 Ballistics
37:26 Chain Mail Armor
45:34 Light Cavalry
48:59 Imperial Age
46:35 Town Patrol
46:21 Loom
47:05 Chatras
48:13 Murder Holes
48:51 Husbandry
50:23 Bracer
50:30 Scale Barding Armor
49:54 Elite Skirmisher
52:06 Hoardings
53:08 Arbalester
Tierra y Libertad
0:27 Loom
11:47 Feudal Age
13:56 Double-Bit Axe
19:32 Castle Age
20:03 Forging
20:00 Scale Barding Armor
29:35 Horse Collar
30:13 Bow Saw
42:02 Anarchy
42:46 Scale Mail Armor
49:45 Heavy Plow
Connection lost

Rejoining the realm…

Still unreachable

The connection could not be restored.

Session expired

The server has moved on; the page needs a fresh start.